 Dungeon Crawl Stone Soup version 0.19.0-2-gae57169 (webtiles) character file.

60 Charmandara the Ruffian (level 3, 0/28 HPs)
             Began as a Draconian Transmuter on Nov 5, 2016.
             Slain by an adder (1 damage)
             ... on level 2 of the Dungeon.
             The game lasted 00:04:34 (1553 turns).

Charmandara the Ruffian (Draconian Transmuter)      Turns: 1553, Time: 00:04:35

Health: 0/28       AC:  5    Str: 11 (12) XL:     3   Next: 82%
Magic:  6/6        EV: 17    Int: 12 (14) God:
Gold:   47         SH:  0    Dex: 13 (16) Spells: 1 memorised, 5 levels left

rFire  . . .     SeeInvis .     f - staff of poison {rPois}
rCold  . . .     Gourm    .     (armour unavailable)
rNeg   . . .     Faith    .     (no shield)
rPois  +         Spirit   .     (helmet restricted)
rElec  .         Reflect  .     (no cloak)
rCorr  .         Harm     .     (no gloves)
MR     .....                    (no boots)
Stlth  ++........               j - amulet of magic regeneration
                                (no ring)
                                (no ring)

@: agile, lethally poisoned (0 -> -8), flying
A: unfitting armour, cold-blooded, AC +5
a: no special abilities


You were on level 2 of the Dungeon.
You were hungry.

You visited 1 branch of the dungeon, and saw 2 of its levels.

You collected 47 gold pieces.

Inventory:

Missiles
 a - 12 arrows
 d - 2 throwing nets {=f, !d}
 g - 7 curare-tipped needles
Magical Staves
 f - an uncursed staff of poison (weapon) {rPois}
   (You found it on level 2 of the Dungeon)
Jewellery
 j - an amulet of magic regeneration (around neck)
   (You found it on level 1 of the Dungeon)
Scrolls
 e - a scroll of recharging {unknown}
 h - 6 scrolls of identify {unknown}
 i - a scroll of teleportation {unknown}
 o - a scroll of immolation {unknown}
 p - a scroll of magic mapping {unknown}
Potions
 l - 2 potions of cancellation
Books
 b - a book of Changes
Comestibles
 c - a bread ration {@e1}
 k - 2 meat rations {@e2}


   Skills:
 - Level 1.1 Fighting
 - Level 1.7 Dodging
 + Level 4.8 Unarmed Combat
 - Level 2.0 Spellcasting
 - Level 2.0 Transmutations


You had 5 spell levels left.
You knew the following spells:

 Your Spells              Type           Power        Failure   Level  Hunger
a - Beastly Appendage     Tmut           #.....       12%         1    ##.....


Dungeon Overview and Level Annotations

Branches:
Dungeon (2/15)

Altars:


Innate Abilities, Weirdness & Mutations

Your plain brown scales are hard. (AC +5)
You cannot fit into any form of body armour.
You are cold-blooded and may be slowed by cold attacks.


Message History

You kill the adder!
A kobold comes into view. It is wielding a short sword.
The kobold shouts!
Your horns disappear.
The kobold hits you but does no damage.
You grow a pair of large bovine horns.
The kobold closely misses you.
You now have 5/6 mp.
You barely miss the kobold. The kobold closely misses you.
You barely miss the kobold. The kobold hits you with a short sword.
You take 1 damage, and have 23/28 hp.
You miss the kobold. The kobold hits you with a short sword.
You take 2 damage, and have 21/28 hp.
MP restored: 6 You hit the kobold but do no damage.
The kobold hits you with a short sword.
You take 3 damage, and have 18/28 hp.
You closely miss the kobold. The kobold hits you with a short sword.
You take 2 damage, and have 16/28 hp.
You hit the kobold. The kobold hits you with a short sword.
You hit the kobold but do no damage.
Your tail-slap misses the kobold.
The kobold closely misses you.
You hit the kobold.
You kill the kobold!
Your transformation is almost over.
Things that are here:
a short sword; a kobold corpse You butcher the kobold corpse.
Things that are here:
a short sword; an inedible chunk of flesh {@w0} An adder comes into view.
The adder hisses angrily.
The adder bites you but does no damage. The adder bites you but does no damage.
Found a leather armour.
Found a stone staircase leading down.
You see here 7 curare-tipped needles.
You extend your transformation's duration.
The adder bites you but does no damage. x2
You now have 5/6 mp.
Unknown command.
You hit the adder. Your headbutt misses the adder. The adder barely misses you.
You miss the adder. Your headbutt misses the adder. The adder bites you.
You are poisoned.
The adder poisons you!
You take 3 damage, and have 13/28 hp.
You miss the adder.
You feel sick. The adder misses you.
You take 1 damage, and have 12/28 hp.
You barely miss the adder. You headbutt the adder.
You tail-slap the adder, but do no damage.
The adder closely misses you.
MP restored: 6 Unknown command.
You closely miss the adder.
Your tail-slap misses the adder.
You feel sick. The adder bites you.
* * * LOW HITPOINT WARNING * * *
You take 6 damage, and have 7/28 hp.
MASSIVE DAMAGE!!
It was a potion of cancellation.
Your magical effects are unravelling.
You feel magically purged.
Your horns disappear.
The adder bites you.
* * * LOW HITPOINT WARNING * * *
You are lethally poisoned!
The adder poisons you! The adder bites you but does no damage.
You take 1 damage, and have 6/28 hp.
It was a potion of agility.
You feel agile all of a sudden.
* * * LOW HITPOINT WARNING * * *
You feel sick. The adder closely misses you.
You take 1 damage, and have 5/28 hp.
It was a potion of flight.
You feel very buoyant.
You fly up into the air.
* * * LOW HITPOINT WARNING * * *
You feel sick. The adder bites you.
* * * LOW HITPOINT WARNING * * *
You take 2 damage, and have 3/28 hp.
Unknown command.
Unknown command.
It was a potion of degeneration.
There was something very wrong with that liquid.
You feel weakened.
You feel dopey.
You feel clumsy.
* * * LOW HITPOINT WARNING * * *
You feel sick. The adder completely misses you. The adder barely misses you.
You take 1 damage, and have 2/28 hp.
Unknown command.
Unknown command.
Unknown command.
Unknown command.
Okay, then.
g - 7 curare-tipped needles The adder completely misses you.
Wield which item (- for none, * to show all)? (? for menu, Esc to quit)
Okay, then.
Wield which item (- for none, * to show all)? (? for menu, Esc to quit)
f - an uncursed staff of poison (weapon)
* * * LOW HITPOINT WARNING * * *
You feel sick. The adder bites you.
You die...

##.......###.##.........
........................
####....................
#####........##.........
....#.#########.........
.##.#.# #.....!...
..#.#<#########.........
.............)..S.....!.
..#.#.#########.@.......
..#.#.# #[.(...###
#.#.#.# #......# #...#.#
#......# #####.#
...[....# '.....#
#........# #######
#........# # #[....>..#
#


You could see an adder.

Vanquished Creatures
  2 adders (D:2)
  A worm (D:2)
  3 dart slugs (D:1)
  A leopard gecko (D:1)
  4 bats
  2 giant cockroaches (D:1)
  4 goblins
  2 hobgoblins (D:1)
  6 kobolds
  5 frilled lizards
  2 rats
32 creatures vanquished.

Notes
Turn   | Place    | Note
-------+----------+-------------------------------------------
     0 | D:1      | Charmandara the Draconian Transmuter began the quest for the Orb.
     0 | D:1      | Reached XP level 1. HP: 16/16 MP: 3/3
   120 | D:1      | Reached XP level 2. HP: 21/23 MP: 3/5
   454 | D:1      | Reached skill level 4 in Unarmed Combat
   777 | D:1      | Reached XP level 3. HP: 28/28 MP: 4/6
  1019 | D:2      | HP: 7/28 [poisoned by an adder]
  1239 | D:2      | HP: 7/28 [worm (7)]
  1547 | D:2      | HP: 7/28 [adder (5)]
  1550 | D:2      | HP: 3/28 [adder (1)]
  1553 | D:2      | HP: 1/28 [poisoned by an adder]
  1553 | D:2      | Slain by an adder

Skill      XL: |  1  2 |
---------------+-------+-----
Unarmed Combat | 4 |  4.8
Fighting       | |  1.1
Dodging        | |  1.7
Spellcasting   | |  2.0
Transmutations | |  2.0

Action                   || total
-------------------------++-------
Melee: Unarmed           ||   132
       Tailslap          ||    10
       Punch             ||     3
       Kick              ||     5
       Headbutt          ||     6
 Cast: Beastly Appendage ||    28
  Use: Potion            ||     4
  Eat: Chunk             ||     2
Armor: Skin              ||    50
Dodge: Dodged            ||   108

Vault maps used:
D:1:      saegor_arrival_under_anarchy
D:2:      corexii_item_surrounded_by_moat, uniq_sigmund

Table legend:
 A = Turns spent in this place as a percentage of turns spent in the entire game.
 B = Non-inter-level travel turns spent in this place as a percentage of non-inter-level travel turns spent in the entire game.
 C = Inter-level travel turns spent in this place as a percentage of turns spent in this place.
 D = Turns resting spent in this place as a percentage of non-inter-level travel turns spent in this place.
 E = Turns spent auto-exploring this place as a percentage of non-inter-level travel turns spent in this place.
 F = Non-inter-level travel turns spent in this place divided by the number of levels of this place that you've seen.
                   A       B       C       D       E      F
               +-------+-------+-------+-------+-------+----------------------
         Total | 100.0 | 100.0 |   0.0 |   4.1 |   7.5 | 233.0
       Dungeon | 100.0 | 100.0 |   0.0 |   4.1 |   7.5 | 233.0
               +-------+-------+-------+-------+-------+----------------------

Table legend:
 A = Kills in this place as a percentage of kills in entire the game.
 B = Kills by you in this place as a percentage of kills by you in the entire game.
 C = Kills by friends in this place as a percentage of kills by friends in the entire game.
 D = Other kills in this place as a percentage of other kills in the entire game.
 E = Experience gained in this place as a percentage of experience gained in the entire game.
 F = Experience gained in this place divided by the number of levels of this place that you have seen.
                   A       B       C       D       E      F
               +-------+-------+-------+-------+-------+----------------------
         Total | 100.0 | 100.0 |  -nan |  -nan | 100.0 |  43.5
       Dungeon | 100.0 | 100.0 |  -nan |  -nan | 100.0 |  43.5
               +-------+-------+-------+-------+-------+----------------------
